AoeStats
← Le Duckling

Lombardia

509357034Analyzed
3v3 RM · 4d ago on Sep 26, 2026· 102m 16s· 6 players
Game mode
Random Map
Map size
Normal (6 player)
Population
200
Speed
Normal
Resources
Standard
Victory
Conquest
Starting age
Dark Age
Ending age
Imperial Age
RankedLock teamsTeams togetherTeam positionsShared explorationLock speedFull tech treeHidden civsTurbo modeCheats
Victory
Defeat
🇳🇱 Varangians · Netherlands
1261
+15
🇪🇸 Chinese · Spain
1249
+15
🇿🇦 Britons · South Africa
1227
+16
🇸🇪 Varangians · Sweden
1279
-17
🇸🇪 Cumans · Sweden
1223
-15
🇸🇪 Koreans · Sweden
1197
-14
CampaCar
0:28 Loom
9:24 Feudal Age
9:50 Double-Bit Axe
11:02 Town Watch
13:58 Fletching
15:42 Padded Archer Armor
22:41 Castle Age
22:14 Gold Mining
23:34 Thumb Ring
25:08 Wheelbarrow
26:10 Bloodlines
26:27 Forging
28:51 Squires
29:35 Pikeman
32:04 Horse Collar
41:08 Scale Mail Armor
42:17 Hand Cart
42:15 Arson
42:46 Heavy Plow
44:33 Bow Saw
45:39 Town Patrol
46:17 Iron Casting
45:57 Chain Mail Armor
50:03 Imperial Age
49:27 Coinage
50:36 Halberdier
50:37 Elite Fire Lancer
50:39 Capped Ram
52:07 Siege Ram
54:37 Two-Man Saw
54:09 Plate Mail Armor
54:39 Blast Furnace
53:35 Bodkin Arrow
56:40 Caravan
60:14 Heavy Rocket Cart
71:02 Banking
71:35 Bracer
71:50 Leather Archer Armor
73:04 Ballistics
73:45 Chemistry
72:56 Masonry
72:57 Fortified Wall
72:43 Murder Holes
74:07 Conscription
74:12 Rocketry
73:56 Great Wall
80:22 Heavy Scorpion
80:55 Elite Chu Ko Nu
82:20 Ring Archer Armor
87:06 Architecture
86:28 Guard Tower
100:55 Man-at-Arms
102:02 Long Swordsman
Theurarthur
5:22 Loom
9:30 Feudal Age
13:05 Forging
14:22 Double-Bit Axe
16:57 Horse Collar
19:43 Bloodlines
23:36 Scale Barding Armor
26:38 Castle Age
26:47 Wheelbarrow
27:45 Chain Barding Armor
29:55 Iron Casting
29:23 Husbandry
41:17 Gold Mining
45:49 Imperial Age
43:47 Bow Saw
43:38 Heavy Plow
44:32 Hand Cart
45:53 Cavalier
47:42 Plate Barding Armor
48:15 Blast Furnace
50:31 Conscription
52:12 Light Cavalry
54:37 Hussar
56:30 Two-Man Saw
61:15 Crop Rotation
62:15 Coinage
62:22 Vendel Legacy
63:32 Caravan
67:23 Banking
68:08 Fletching
74:58 Town Watch
77:15 Town Patrol
80:33 Capped Ram
82:48 Fortified Wall
83:39 Chemistry
84:04 Ballistics
83:41 Siege Ram
90:54 Elite Jarl
92:56 Elite Varangian Guard
93:39 Scale Mail Armor
94:41 Chain Mail Armor
96:20 Plate Mail Armor
99:04 Gambesons
99:22 Squires
Le Duckling
5:19 Loom
12:16 Feudal Age
12:53 Horse Collar
13:00 Double-Bit Axe
16:53 Fletching
17:04 Padded Archer Armor
25:18 Castle Age
25:23 Crossbowman
26:01 Bodkin Arrow
26:21 Leather Archer Armor
30:26 Heavy Plow
30:38 Bow Saw
31:45 Ballistics
37:52 Imperial Age
35:06 Elite Skirmisher
37:56 Arbalester
40:39 Chemistry
39:38 Murder Holes
39:42 Pikeman
40:23 Squires
40:54 Bracer
41:29 Conscription
42:37 Ring Archer Armor
42:08 Guard Tower
44:29 Hoardings
46:44 Keep
46:29 Man-at-Arms
46:55 Gambesons
49:18 Forging
49:13 Scale Barding Armor
49:24 Gold Mining
49:24 Stone Mining
51:01 Arrowslits
51:54 Halberdier
55:18 Iron Casting
55:03 Chain Barding Armor
54:45 Scale Mail Armor
58:35 Heated Shot
59:50 Iron Casting
59:30 Chain Mail Armor
59:50 Plate Barding Armor
59:15 Light Cavalry
59:57 Husbandry
64:05 Plate Mail Armor
64:35 Blast Furnace
62:59 Cavalier
92:06 Two-Man Saw
ikaros
6:39 Loom
9:00 Feudal Age
9:46 Double-Bit Axe
13:58 Horse Collar
22:26 Castle Age
22:36 Castle Age
21:50 Scale Barding Armor
23:11 Bloodlines
26:04 Chain Barding Armor
26:18 Forging
28:47 Iron Casting
38:17 Imperial Age
36:21 Fletching
40:14 Plate Barding Armor
39:07 Cavalier
40:42 Conscription
42:01 Blast Furnace
42:54 Elite Skirmisher
44:01 Bodkin Arrow
44:06 Padded Archer Armor
44:38 Bow Saw
44:03 Paladin
46:45 Leather Archer Armor
47:18 Ballistics
50:24 Chemistry
51:35 Light Cavalry
54:21 Caravan
57:02 Ring Archer Armor
66:49 Scale Mail Armor
66:19 Hussar
69:27 Two-Man Saw
68:35 Heavy Plow
71:38 Wheelbarrow
70:49 Town Watch
77:39 Hand Cart
85:18 Coinage
87:48 Banking
IamZlatanIbrahimovic
9:57 Feudal Age
10:32 Loom
11:00 Double-Bit Axe
10:58 Horse Collar
16:59 Bloodlines
17:53 Scale Barding Armor
21:32 Fletching
21:54 Forging
26:51 Castle Age
27:03 Light Cavalry
27:44 Husbandry
28:09 Chain Barding Armor
31:30 Bow Saw
32:17 Heavy Plow
38:33 Wheelbarrow
38:20 Gold Mining
40:11 Hand Cart
40:53 Iron Casting
43:41 Stone Mining
44:05 Vendel Legacy
50:00 Imperial Age
50:05 Elite Jarl
51:02 Hussar
52:50 Plate Barding Armor
53:16 Blast Furnace
56:56 Fletching
62:13 Caravan
64:09 Bodkin Arrow
65:52 Coinage
66:54 Bracer
68:54 Conscription
74:00 Fortified Wall
74:11 Ballistics
74:52 Chemistry
74:06 Masonry
78:26 Squires
78:13 Gambesons
78:13 Arson
77:49 Elite Varangian Guard
78:33 Scale Mail Armor
84:25 Chain Mail Armor
91:36 Pikeman
92:48 Halberdier
93:16 Gothikon
SeuppGustavoCal
7:48 Loom
10:17 Feudal Age
10:56 Double-Bit Axe
10:54 Horse Collar
13:53 Town Watch
18:19 Castle Age
16:55 Fletching
19:06 Bodkin Arrow
22:20 Elite Skirmisher
33:29 Ballistics
34:57 Masonry
40:34 Wheelbarrow
45:26 Imperial Age
43:50 Eupseong
44:28 Bow Saw
46:20 Thumb Ring
46:19 Husbandry
45:40 Light Cavalry
46:45 Conscription
45:58 Elite War Wagon
48:02 Chemistry
47:26 Bracer
47:28 Scale Mail Armor
47:50 Gold Mining
47:50 Stone Mining
48:36 Arrowslits
51:23 Architecture
61:40 Gold Shaft Mining
61:41 Stone Shaft Mining
61:13 Caravan
66:32 Coinage
66:16 Guilds
67:20 Forging
67:38 Pikeman
68:18 Squires
71:39 Hand Cart
71:13 Halberdier
72:11 Chain Mail Armor
78:36 Plate Mail Armor
79:52 Iron Casting
84:41 Elite Fire Lancer
87:50 Fortified Wall
90:13 Scale Barding Armor
93:15 Arson
Connection lost

Rejoining the realm…

Still unreachable

The connection could not be restored.

Session expired

The server has moved on; the page needs a fresh start.